 Dungeon Crawl Stone Soup version 0.19.5 (webtiles) character file.

5013 Jerry the Cleaver (level 10, -1/90 (91) HPs)
             Began as a Hill Orc Fighter on Mar 26, 2017.
             Was a High Priest of Okawaru.
             Slain by a bullfrog (3 damage)
             ... on level 7 of the Dungeon.
             The game lasted 00:29:57 (9322 turns).

Jerry the Cleaver (Hill Orc Fighter)                Turns: 9322, Time: 00:29:58

HP:   -1/90 (91)    AC:  8    Str: 23    XL:     10   Next: 54%
MP:   8/15          EV: 14    Int: 10    God:    Okawaru [*****.]
Gold: 481           SH:  0    Dex: 10    Spells: 0 memorised, 9 levels left

rFire  . . .     SeeInvis .     a - +1 war axe
rCold  . . .     Gourm    +     o - +0 steam dragon scales
rNeg   . . .     Faith    .     (no shield)
rPois  .         Spirit   .     (no helmet)
rElec  .         Reflect  .     (no cloak)
rCorr  +         Harm     .     (no gloves)
MR     .....                    (no boots)
Stlth  +++.......               t - amulet of the gourmand
                                x - +2 ring of intelligence
                                q - ring of resist corrosion

@: heroism
A: no striking features
a: Heroism, Finesse, Renounce Religion


You were on level 7 of the Dungeon.
You worshipped Okawaru.
Okawaru was extremely pleased with you.
You were very full.

You visited 2 branches of the dungeon, and saw 8 of its levels.

You collected 733 gold pieces.
You spent 252 gold pieces at shops.

Inventory:

Hand Weapons
 a - a +1 war axe (weapon)
 y - a +2 hand axe of freezing
 C - a +1 whip of venom
Armour
 b - a +0 scale mail
 c - a +0 shield
 o - +0 steam dragon scales (worn)
Jewellery
 q - a ring of resist corrosion (left hand)
 t - an amulet of the gourmand (around neck)
 x - a +2 ring of intelligence (right hand)
Wands
 z - a wand of teleportation (2/9)
 B - a wand of acid (15/15)
Scrolls
 e - 3 scrolls of identify
 j - a scroll of magic mapping
 r - 2 scrolls of remove curse
Potions
 d - 2 potions of might
 g - 2 potions of berserk rage
 i - a potion of brilliance
 k - 2 potions of lignification
 s - 3 potions of flight
 v - a potion of agility
 A - a potion of experience {unknown}
Comestibles
 f - 4 bread rations
 h - 3 beef jerkies
 l - 5 meat rations
 m - 2 slices of pizza
 p - 2 royal jellies
 u - a fruit


   Skills:
 + Level 9.2(14.2) Fighting
 * Level 12.7(17.7) Axes
 + Level 8.5(13.5) Armour
 - Level 3.2(8.2) Shields
 + Level 7.8 Invocations


You had 9 spell levels left.
You didn't know any spells.

Dungeon Overview and Level Annotations

Branches:
Dungeon (7/15)             Temple (1/1) D:4

Altars:
Cheibriados
Dithmenos
Fedhas
Gozag
Makhleb
Okawaru
Ru
Sif Muna
Uskayaw
Vehumet
Xom
Yredelemnul
Zin
The Shining One

Shops:
D:4 (   D:6 !

Annotations:
D:4 Ge0ff's ghost, amateur SpEn
D:5 2 runed doors


Message History

The great orb of eyes is heavily wounded.
The great orb of eyes bites you!
* * * LOW HITPOINT WARNING * * *
You hit the great orb of eyes but do no damage.
The great orb of eyes is heavily wounded.
The great orb of eyes bites you.
* * * LOW HITPOINT WARNING * * *
You slash the great orb of eyes!
The great orb of eyes is severely wounded.
You slash the great orb of eyes!
The great orb of eyes is almost dead.
The great orb of eyes bites you!
* * * LOW HITPOINT WARNING * * *
You slash the great orb of eyes!
You kill the great orb of eyes!
Okawaru is honoured by your kill.
You can now speed up your combat.
Your base Fighting skill increases to level 9!
You barely miss the bullfrog. The bullfrog barely misses you.
You miss the bullfrog. The bullfrog hits you.
You die...

#.#.##...##.# #..
#.#.#.....#.# #..
#.'.#.....#.+ +..
#.#.#.....#.# #..
#.#.##.[.##.# #.#
#.#..#####..# #.#
..##.......## #..
..#####'######## +#####..
#........@F...............
#.#########...............
###.......###. ..... #.
.... #. ..# ... .. ##. #.
..


You could see a bullfrog.

Vanquished Creatures
  A great orb of eyes (D:7)
  An unseen horror (D:7)
  A hungry ghost (D:7)
  2 steam dragons (D:7)
  6 soldier ants
  3 water moccasins (D:5)
  2 ice beasts
  2 orc warriors
  A necrophage (D:7)
  2 ogres
  3 phantoms
  An eye of draining (D:6)
  4 centaurs (D:7)
  A gnoll sergeant (D:7)
  A scorpion (D:4)
  A hound (D:4)
  A quasit (D:7)
  5 orc priests
  4 orc wizards
  10 worker ants
  A statue (D:6)
  A killer bee zombie (D:7)
  A hound skeleton (D:6)
  7 gnolls
  10 adders
  A river rat (D:3)
  2 shadow imps
  2 oozes (D:1)
  2 worms (D:2)
  4 dart slugs
  8 leopard geckos
  40 orcs
  11 bats
  10 giant cockroaches
  11 goblins
  10 hobgoblins
  14 jackals
  2 quokkas
  2 ball pythons
  5 frilled lizards
  11 kobolds
  5 rats
212 creatures vanquished.

Notes
Turn   | Place    | Note
-------+----------+-------------------------------------------
     0 | D:1      | Jerry the Hill Orc Fighter began the quest for the Orb.
     0 | D:1      | Reached XP level 1. HP: 19/19 MP: 1/1
    93 | D:1      | Reached skill level 3 in Axes
    99 | D:1      | Reached XP level 2. HP: 25/27 MP: 2/2
   281 | D:1      | Reached XP level 3. HP: 30/33 MP: 3/3
   564 | D:1      | Reached skill level 4 in Axes
  1068 | D:2      | Reached XP level 4. HP: 35/40 MP: 4/4
  1313 | D:2      | Found a glowing golden altar of the Shining One.
  1952 | D:3      | Reached skill level 5 in Axes
  1952 | D:3      | Reached XP level 5. HP: 44/47 MP: 5/5
  2731 | D:3      | Reached skill level 5 in Fighting
  2731 | D:3      | Reached XP level 6. HP: 46/56 MP: 6/6
  2752 | D:3      | Reached skill level 6 in Axes
  2991 | D:3      | Found a blossoming altar of Fedhas.
  3490 | D:4      | Reached skill level 5 in Armour
  3678 | D:4      | Found Pets's Antique Weapon Emporium.
  3860 | D:4      | Found a staircase to the Ecumenical Temple.
  3863 | D:4      | Noticed Ge0ff's ghost (amateur SpEn)
  3869 | Temple   | Entered the Ecumenical Temple
  3977 | Temple   | Became a worshipper of Warmaster Okawaru
  4201 | D:4      | Reached XP level 7. HP: 47/61 MP: 7/7
  4204 | D:4      | Reached skill level 7 in Axes
  4204 | D:4      | Reached skill level 1 in Invocations
  4691 | D:5      | Entered Level 5 of the Dungeon
  4903 | D:5      | Found a shimmering altar of Xom.
  5234 | D:5      | Found a hide-covered altar of Uskayaw.
  5529 | D:6      | Found a shadowy altar of Dithmenos.
  5608 | D:5      | Found a runed door.
  5612 | D:5      | Noticed a soldier ant
  5612 | D:5      | Noticed a soldier ant
  5613 | D:5      | Found a runed gate.
  5613 | D:5      | Noticed a soldier ant
  5613 | D:5      | Noticed a soldier ant
  5614 | D:5      | Found a runed door.
  5626 | D:5      | Found a runed gate.
  5626 | D:5      | Found a runed gate.
  5632 | D:5      | Noticed a soldier ant
  5633 | D:5      | Noticed a soldier ant
  6081 | D:6      | Found Ullo's Distillery.
  6097 | D:6      | Bought a potion of heal wounds for 60 gold pieces
  6097 | D:6      | Bought a potion of curing for 36 gold pieces
  6097 | D:6      | Bought a potion of lignification for 36 gold pieces
  6097 | D:6      | Bought a potion of haste for 120 gold pieces
  6128 | D:6      | Reached skill level 8 in Axes
  6224 | D:6      | Reached XP level 8. HP: 64/70 MP: 10/10
  6252 | D:6      | Found a radiant altar of Vehumet.
  6608 | D:6      | Reached * piety under Okawaru
  6757 | D:5      | Reached skill level 9 in Axes
  6780 | D:5      | Reached ** piety under Okawaru
  6793 | D:5      | Reached skill level 5 in Invocations
  6793 | D:5      | Reached XP level 9. HP: 21/79 MP: 12/12
  6805 | D:5      | Reached skill level 10 in Axes
  7602 | D:5      | Reached *** piety under Okawaru
  8078 | D:7      | Reached skill level 11 in Axes
  8679 | D:7      | Reached **** piety under Okawaru
  8679 | D:7      | Reached XP level 10. HP: 84/89 MP: 12/15
  8885 | D:7      | Reached skill level 12 in Axes
  9292 | D:7      | Noticed a great orb of eyes
  9310 | D:7      | Killed an unseen horror
  9319 | D:7      | HP: 1/89 [great orb of eyes (12)]
  9320 | D:7      | Killed a great orb of eyes
  9320 | D:7      | Reached ***** piety under Okawaru
  9322 | D:7      | Slain by a bullfrog

Skill      XL: |  1  2  3  4  5  6  7  8  9 10 |
---------------+-------------------------------+-----
Axes           | 3 4 5 6 8 9 11 12 | 12.7
Fighting       | 4 5 6 7 8 9 |  9.2
Armour         | 4 5 6 7 8 |  8.5
Invocations    | 3 5 6 7 |  7.8
Shields        | |  3.2

Action                   |  1- 3 |  4- 6 |  7- 9 | 10-12 || total
-------------------------+-------+-------+-------+-------++-------
Melee: War axe           |   115 |   293 |   291 |    75 ||   774
       Hand axe          |       |       |     4 |       ||     4
       Punch             |       |       |       |     3 ||     3
Invok: Heroism           |       |       |     4 |     2 ||     6
  Use: Scroll            |     1 |     9 |     4 |       ||    14
       Potion            |       |       |    12 |       ||    12
  Eat: Chunk             |     1 |    10 |    27 |     8 ||    46
Armor: Scale mail        |    56 |   129 |    90 |     7 ||   282
       Steam dragon scal |       |       |       |     8 ||     8
Dodge: Dodged            |    63 |   163 |   140 |    29 ||   395
